 Dungeon Crawl Stone Soup version 0.21-a0-404-g291f19a (webtiles) character file.

2139 tof the Twirler (level 9, -1/87 HPs)
             Began as a Troll Gladiator on Oct 28, 2017.
             Was an Initiate of Wu Jian.
             Slain by a two-headed ogre
             ... wielding a +0 giant club
              (27 damage)
             ... on level 8 of the Dungeon.
             The game lasted 00:15:31 (6932 turns).

tof the Twirler (Troll Gladiator)                   Turns: 6932, Time: 00:15:32

Health: -1/87      AC:  4    Str: 24    XL:     9   Next: 9%
Magic:  8/8        EV: 11    Int:  4    God:    Wu Jian [......]
Gold:   0          SH:  0    Dex: 14    Spells: 8/8 levels left

rFire    + . .     SeeInvis +   a - +1 quarterstaff
rCold    . . .     Gourm    +   (shield currently unavailable)
rNeg     . . .     Faith    .   b - +0 robe
rPois    .         Spirit   .   c - +0 hat
rElec    .         Reflect  .   (no cloak)
rCorr    .         Harm     .   (gloves unavailable)
MR       .....                  (boots unavailable)
Stlth    +.........             s - amulet of regeneration
HPRegen  1.04/turn              G - ring of protection from fire
MPRegen  0.11/turn              K - ring of see invisible

@: heavily drained
A: unfitting armour, claws 3, deformed body, fast metabolism 3, gourmand,
regeneration 1, shaggy fur 1, tough skin 2
a: Renounce Religion


You were on level 8 of the Dungeon.
You worshipped Wu Jian.
Wu Jian was noncommittal.
You were not hungry.

You visited 2 branches of the dungeon, and saw 9 of its levels.

Inventory:

Hand Weapons
 a - a +1 quarterstaff (weapon)
Missiles
 d - 2 throwing nets
 i - 3 needles of sleeping
 o - 5 poisoned needles
 M - 5 tomahawks (quivered)
Armour
 b - a +0 robe (worn)
 c - a +0 hat (worn)
Jewellery
 s - an amulet of regeneration (around neck)
 y - an uncursed amulet of guardian spirit {unknown}
 G - a ring of protection from fire (left claw)
 K - a ring of see invisible (right claw)
Wands
 v - a wand of random effects (27/48)
 L - a wand of iceblast (6/15)
Scrolls
 e - a scroll of magic mapping {unknown}
 g - 9 scrolls of identify {unknown}
 j - 2 scrolls of immolation {unknown}
 l - 3 scrolls of random uselessness {unknown}
 m - 2 scrolls of remove curse
 r - 4 scrolls of blinking {unknown}
 t - 2 scrolls of enchant weapon
 u - 9 scrolls of teleportation
 z - 2 scrolls of fog {unknown}
 B - 2 scrolls of fear {unknown}
 J - 2 scrolls of amnesia {unknown}
 O - 2 scrolls of silence {unknown}
 Q - 2 scrolls of recharging {unknown}
Potions
 h - a potion of curing
 n - 4 potions of heal wounds {unknown}
 p - 2 potions of might {unknown}
 w - 2 potions of magic {unknown}
 C - 5 potions of haste {unknown}
 D - 2 potions of brilliance {unknown}
 E - a potion of agility
 F - 2 potions of degeneration {unknown}
 H - a potion of resistance {unknown}
 P - 2 potions of lignification {unknown}
Comestibles
 f - 8 bread rations
 k - 2 royal jellies
 x - 8 fruits
 N - a meat ration


   Skills:
 + Level 4.8(2.9) Fighting
 + Level 6.5(4.5) Staves
 + Level 5.3(3.3) Throwing
 + Level 5.2(3.3) Dodging


You had 8 spell levels left.
You didn't know any spells.

Dungeon Overview and Level Annotations

Branches:
Dungeon (8/15)             Temple (1/1) D:4
   Lair: D:8-11

Altars:
Ashenzari
Cheibriados
Dithmenos
Elyvilon
Gozag
Hepliaklqana
Kikubaaqudgha
Makhleb
Nemelex Xobeh
Okawaru
Qazlal
Ru
Sif Muna
Trog
Uskayaw
Vehumet
Wu Jian
Xom
Yredelemnul
Zin
The Shining One

Shops:
D:6 [*=([

Annotations:
D:6 tof's ghost, novice GrGl
D:8 Maurice


Innate Abilities, Weirdness & Mutations

You are too large for most types of armour.
You have claws for hands.
Your metabolism is lightning-fast.
You like to eat raw meat.
Your natural rate of healing is unusually fast.
You are covered in fur. (AC +1)
You have very tough skin. (AC +2)
Armour fits poorly on your strangely shaped body.


Message History

You butcher the worker ant corpse.
q - a chunk of flesh You start waiting.
Eating a chunk of flesh.
You eat the chunk of flesh.
This raw flesh tastes great.
The orc shouts! x2
An orc wizard comes into view.
It is wielding a dagger of electrocution.
The orc wizard shouts!
An orc comes into view. It is wielding a flail.
The orc wizard gestures wildly while chanting.
The orc wizard blinks!
You sock the two-headed ogre!
The two-headed ogre is moderately wounded.
The orc hits you but does no damage.
The two-headed ogre hits you with a giant club!! x2
The orc hits you with a morningstar of freezing!
The orc freezes you.
* * * LOW HITPOINT WARNING * * *
The orc hits you but does no damage.
The two-headed ogre hits you with a giant club!!
You die...

### ..# #.....# ###########.#
#..... #....#...<#.# #.....
#.##.#.####.#####.... ###
#.##....#....>....... #..
#.#######.#.#.###.##########..
#.........#.O@......o.........
#############ooo....o.........
........................#+
##############..#######..[
##.# #... ###.# #... #...##
#... #.<..# #.#' #....# #.#.


You could see a two-headed ogre, an orc wizard and 4 orcs.

Vanquished Creatures
  Duvessa (D:7)
  A sky beast (D:5)
  An ice beast (D:6)
  A phantom (D:7)
  2 ogres
  A centaur (D:7)
  Blork the orc (D:5)
  Dowan (D:7)
  2 electric eels (D:6)
  4 wights (D:8)
  A vampire bat (D:2)
  3 crimson imps (D:5)
  2 quasits
  3 hounds
  2 jellies (D:8)
  3 orc wizards
  2 orc priests
  A centaur skeleton (D:6)
  3 iguanas
  4 worker ants
  A hound skeleton (D:5)
  2 worker ant zombies (D:6)
  12 adders
  18 gnolls
  An ooze (D:2)
  An adder zombie (D:8)
  An adder skeleton (D:8)
  A worm (D:3)
  2 dart slugs
  8 leopard geckos
  13 orcs
  11 bats
  6 bat skeletons (D:2)
  5 giant cockroaches
  6 goblins
  2 hobgoblins
  15 jackals
  3 quokkas
  4 frilled lizards
  6 kobolds
  14 rats
171 creatures vanquished.

Vanquished Creatures (others)
  A plant (D:6)
1 creature vanquished.

Grand Total: 172 creatures vanquished

Notes
Turn   | Place    | Note
-------+----------+-------------------------------------------
     0 | D:1      | tof the Troll Gladiator began the quest for the Orb.
     0 | D:1      | Reached XP level 1. HP: 19/19 MP: 0/0
   255 | D:1      | Reached XP level 2. HP: 28/28 MP: 1/1
   833 | D:2      | Reached XP level 3. HP: 33/35 MP: 2/2
   878 | D:2      | Reached skill level 3 in Staves
  1016 | D:2      | Found a shimmering altar of Xom.
  1143 | D:2      | Reached XP level 4. HP: 39/42 MP: 3/3
  1257 | D:2      | Found an ancient bone altar of Kikubaaqudgha.
  1412 | D:3      | Reached XP level 5. HP: 50/50 MP: 4/4
  1539 | D:3      | Found an opulent altar of Gozag.
  1625 | D:3      | You fall through a shaft for 2 floors!
  1625 | D:5      | Entered Level 5 of the Dungeon
  1625 | D:5      | Found a sparkling altar of Nemelex Xobeh.
  1640 | D:5      | HP: 1/50 [crimson imp (3)]
  1890 | D:5      | Reached skill level 4 in Staves
  1890 | D:5      | Reached XP level 6. HP: 39/59 MP: 5/5
  2084 | D:5      | Noticed a sky beast
  2445 | D:4      | Found a staircase to the Ecumenical Temple.
  2465 | Temple   | Entered the Ecumenical Temple
  3381 | D:5      | Reached XP level 7. HP: 67/67 MP: 6/6
  3436 | D:5      | Gained mutation: Armour fits poorly on your strangely shaped body. [mutagenic meat]
  3540 | D:5      | Noticed Blork the orc
  3550 | D:5      | Killed Blork the orc
  3550 | D:5      | Reached skill level 5 in Staves
  3790 | D:5      | Found a deep blue altar of Sif Muna.
  3833 | D:5      | Found a bloodstained altar of Trog.
  3881 | D:5      | Found a burning altar of Makhleb.
  4167 | D:6      | Found a shimmering altar of Xom.
  4201 | D:6      | Noticed tof's ghost (novice GrGl)
  4304 | D:6      | Found Cafuox's Weapon Boutique.
  4307 | D:6      | Found Bopaqic's Jewellery Shop.
  4559 | D:6      | Found Xyxiu's Antique Armour Shop.
  4597 | D:6      | Reached XP level 8. HP: 71/78 MP: 7/7
  4842 | D:6      | Found Fualucs's Armour Shop.
  4895 | D:6      | Found Ferery's General Store.
  5404 | D:7      | Found a shadowy altar of Dithmenos.
  5409 | D:7      | Noticed Duvessa
  5410 | D:7      | Noticed Dowan
  5435 | D:7      | Killed Duvessa
  5435 | D:7      | Reached skill level 6 in Staves
  5444 | D:7      | Killed Dowan
  5514 | D:7      | Found a hide-covered altar of Uskayaw.
  6107 | D:7      | Reached skill level 5 in Throwing
  6107 | D:7      | Reached skill level 5 in Dodging
  6385 | D:8      | Found a white marble altar of Elyvilon.
  6409 | D:8      | Reached XP level 9. HP: 50/85 MP: 8/8
  6555 | D:8      | Found an ornate altar of the Wu Jian Council.
  6558 | D:8      | Became a worshipper of the Wu Jian Council
  6630 | D:8      | Noticed Maurice
  6754 | D:8      | Noticed a two-headed ogre
  6932 | D:8      | Slain by a two-headed ogre

Vault maps used:
D:1:      kennysheep_arrival_seaside, palyth_stone_intersect, nrook_uturn,
          minmay_misc_feat_x
D:2:      xom_butterflies, kennysheep_vampire_church
D:3:      grunt_gozag_statues, first_bread, bh_walls_and_bars
D:4:      minmay_temple_entry_water_ring
D:5:      kennysheep_little_box, lightli_temple_of_fire,
          makhleb_blood_cavern_becter, nemelex_xobeh_ov_fountains_minmay,
          uniq_blork_the_orc
D:6:      serial_shops, shop, nicolae_shop_behind_doors, nicolae_shop_stone,
          nicolae_shop_temple_entry_statues_fountains, shop_coins, basic_altar,
          serial_bayou_lagoon_b
D:7:      kennysheep_mini_moat, basic_altar, uniq_duvessa
D:8:      lemuel_crystal_altar, lemuel_doored_altar, dpeg_lair_monsters,
          uniq_maurice
Temple:   minmay_freezing_vapour_temple

Skill      XL: |  1  2  3  4  5  6  7  8 |
---------------+-------------------------+-----
Throwing       | 2 3 4 5 |  5.3
Fighting       | 2 3 4 |  4.8
Staves         | 3 4 5 6 |  6.5
Dodging        | 3 4 5 |  5.2

Action                   |  1- 3 |  4- 6 |  7- 9 || total
-------------------------+-------+-------+-------++-------
Melee: Quarterstaff      |   125 |   223 |   343 ||   691
Throw: Throwing net      |       |       |     3 ||     3
       Tomahawk          |       |       |     5 ||     5
  Use: Scroll            |       |     3 |     1 ||     4
       Potion            |       |     3 |       ||     3
 Stab: Sleeping          |       |       |     4 ||     4
  Eat: Chunk             |    16 |    15 |    33 ||    64
Armor: Robe              |    89 |    92 |    60 ||   241
Dodge: Dodged            |   107 |   190 |   193 ||   490

Table legend:
 A = Spawn XP
 B = Non-spawn XP
 C = Spawn XP percentage of total XP
 D = Spawn monster count
 E = Non-spawn monster count
 F = Spawn count percentage of total count
 G = Total turns spent on level
                    A         B        C        D         E        F      G
               +---------+---------+-------+---------+---------+-------+---------
         Total |       0 |    3056 |   0.0 |       0 |     171 |   0.0 |  6932
               +---------+---------+-------+---------+---------+-------+---------
           D:1 |       0 |      40 |   0.0 |       0 |      24 |   0.0 |   827
           D:2 |       0 |     139 |   0.0 |       0 |      28 |   0.0 |   516
           D:3 |       0 |     199 |   0.0 |       0 |      28 |   0.0 |   694
           D:4 |       0 |      95 |   0.0 |       0 |      12 |   0.0 |   817
           D:5 |       0 |     756 |   0.0 |       0 |      27 |   0.0 |  1396
           D:6 |       0 |     675 |   0.0 |       0 |      21 |   0.0 |  1044
           D:7 |       0 |     690 |   0.0 |       0 |      18 |   0.0 |   937
           D:8 |       0 |     462 |   0.0 |       0 |      13 |   0.0 |   685
               +---------+---------+-------+---------+---------+-------+---------
